 Dungeon Crawl Stone Soup version 0.29.1-13-g9f3cf754e1 (webtiles) character file.

Game seed: 503283952682408285

11026 wingedge the Conjurer (level 11, -9/83 HPs)
             Began as a Demonspawn Earth Elementalist on Jan 29, 2023.
             Was an Elder of Fedhas.
             Killed from afar by an electric eel (10 damage)
             ... with a bolt of electricity
             ... on level 1 of the Lair of Beasts.
             The game lasted 00:43:50 (13938 turns).

wingedge the Conjurer (DsEE)                       Turns: 13938, Time: 00:43:51

Health: -9/83      AC: 11    Str:  8    XL:     11   Next: 43%
Magic:  9/28       EV: 14    Int: 21    God:    Fedhas [****..]
Gold:   610        SH:  0    Dex: 24    Spells: 17/21 levels left

rFire   . . .      SeeInvis .   a - +2 short sword (elec)
rCold   . . .      Faith    .   (no shield)
rNeg    . . .      Spirit   .   l - +3 ring mail
rPois   .          Reflect  .   (helmet restricted)
rElec   .          Harm     .   x - +0 cloak
rCorr   .          Rampage  .   A - +1 pair of gloves
Will    .....                   (no boots)
Stlth   +++++.....              c - amulet of magic regeneration
HPRegen 0.23/turn               y - +6 ring of dexterity
MPRegen 0.61/turn               L - ring of magical power

@: no status effects
A: antennae 1, thin skeletal structure 2, spiny 1
a: Renounce Religion, Wall of Briars, Grow Ballistomycete, Overgrow


You were on level 1 of the Lair of Beasts.
You worshipped Fedhas.
Fedhas was greatly pleased with you.
You visited 2 branches of the dungeon, and saw 11 of its levels.

You collected 610 gold pieces.

Inventory:

Hand Weapons
 a - a +2 short sword of electrocution (weapon)
Missiles
 e - 52 poisoned darts
 f - 4 javelins (quivered)
 k - a curare-tipped dart
 D - 3 atropa-tipped darts
Armour
 g - a +0 robe
 l - a +3 ring mail (worn)
 q - the +1 scale mail of the Iron Devil {rN+ Int+4}
   (You found it on level 3 of the Dungeon)

   Int:       It affects your intelligence (+4).
   rN:        It protects you from negative energy.
 u - a +2 scale mail of willpower
 x - a +0 cloak (worn)
 A - a +1 pair of gloves (worn)
 O - a +0 troll leather armour
Jewellery
 c - an amulet of magic regeneration (around neck)
 v - an amulet of the acrobat
 y - a +6 ring of dexterity (left hand)
 L - a ring of magical power (right hand)
Wands
 h - a wand of polymorph (9)
 w - a wand of flame (1)
 R - a wand of paralysis (9)
 S - a wand of mindburst (11)
Scrolls
 j - 3 scrolls of amnesia
 m - 3 scrolls of enchant weapon
 p - a scroll of fear
 r - 2 scrolls of magic mapping
 B - 2 scrolls of silence
 G - 4 scrolls of enchant armour {unknown}
 H - 2 scrolls of teleportation {unknown}
 J - a scroll of immolation {unknown}
 K - a scroll of torment {unknown}
 N - a scroll of blinking {unknown}
 P - a scroll of fog {unknown}
 Q - a scroll of vulnerability {unknown}
Potions
 b - a potion of magic
 d - a potion of curing
 i - 2 potions of heal wounds
 n - 4 potions of mutation
 o - 2 potions of brilliance {unknown}
 s - 2 potions of lignification {unknown}
 t - 2 potions of cancellation {unknown}
 z - a potion of resistance {unknown}
 C - 2 potions of might {unknown}
 E - a potion of invisibility {unknown}
 I - 2 potions of degeneration {unknown}
 M - 2 potions of haste {unknown}


   Skills:
 * Level 6.4 Fighting
 - Level 5.0 Short Blades
 - Level 2.0 Armour
 * Level 6.5 Dodging
 - Level 5.0 Stealth
 + Level 5.9 Spellcasting
 * Level 7.8 Conjurations
 - Level 0.8 Transmutations
 + Level 2.8 Ice Magic
 + Level 2.9 Air Magic
 + Level 5.4 Earth Magic
 * Level 7.6 Invocations


You had 17 spell levels left.
You knew the following spells:

 Your Spells              Type           Power      Damage    Failure   Level
a - Sandblast             Erth           56%        2d13      3%          1
b - Stone Arrow           Conj/Erth      66%        3d11      6%          3

Your spell library contained the following spells:

 Spells                   Type           Power      Damage    Failure   Level
 Magic Dart               Conj           100%       1d8       1%          1
 Searing Ray              Conj           78%        2d7       1%          2
 Passwall                 Tmut/Erth      15%        N/A       12%         2
 Beastly Appendage        Tmut           18%        N/A       21%         1
 Mephitic Cloud           Conj/Pois/Air  21%        N/A       21%         3
 Ensorcelled Hibernation  Hex/Ice        24%        N/A       26%         2
 Slow                     Hex            24%        N/A       30%         1
 Blink                    Tloc           12%        N/A       41%         2
 Fulminant Prism          Conj/Hex       11%        3d9       52%         4
 Spider Form              Tmut/Pois      8%         N/A       58%         3
 Ignite Poison            Fire/Tmut/Pois 7%         N/A       61%         3
 Petrify                  Tmut/Erth      19%        N/A       63%         4
 Confusing Touch          Hex            6%         N/A       65%         3
 Lesser Beckoning         Tloc           6%         N/A       65%         3
 Summon Guardian Golem    Hex/Summ       6%         N/A       65%         3
 Vampiric Draining        Necr           6%         2d6       65%         3
 Airstrike                Air            9%         2d(2-18)  65%         4
 Lightning Bolt           Conj/Air       14%        1d27      65%         5
 Freezing Cloud           Conj/Ice/Air   12%        6-21      77%         5
 Summon Lightning Spire   Summ/Air       12%        N/A       85%         4
 Anguish                  Hex/Necr       3%         N/A       96%         4
 Manifold Assault         Tloc           6%         N/A       100%        5
 Eringya's Noxious Bog    Tmut/Pois      4%         N/A       100%        6
 Haunt                    Necr/Summ      3%         N/A       100%        7
 Orb of Destruction       Conj           19%        9d8       100%        7
 Spellforged Servitor     Conj/Summ      11%        N/A       100%        7


Dungeon Overview and Level Annotations

Branches:
Dungeon (10/15)            Temple (0/1) D:7            Lair (1/5) D:10
    Orc (0/2) D:10

Altars:
Ashenzari
Dithmenos
Fedhas
Gozag
Hepliaklqana
Makhleb
Uskayaw
Xom
Yredelemnul

Annotations:
D:7 2 transporters, cdecastro's ghost, novice TeAE


Innate Abilities, Weirdness & Mutations

You have a pair of small antennae on your head.
You have a moderately thin skeletal structure. (Dex +4, Stealth++)
You are partially covered in sharp spines.


Message History

Press: ? - help, Dir - move target The rock wall is torn apart as a ballistomycete grows in its place.
The rock wall is torn apart as an oklob sapling grows in its place. x2
You can no longer grow an oklob plant.
The cane toad stings your oklob sapling.
Your oklob sapling looks as sick as possible!
The cane toad poisons your oklob sapling!
The cane toad stings your oklob sapling but does no damage.
The electric eel shoots out a bolt of lightning at you!
The bolt of electricity hits your briar patch.
Your briar patch is destroyed!
Your briar patch disappears in a puff of smoke!
The bolt of electricity hits you!
* * * LOW HITPOINT WARNING * * *
The bolt of electricity hits your oklob sapling!
A briar patch grows up from the ground. x2
The cane toad stings your oklob sapling!!
The electric eel shoots out a bolt of lightning at you!
The bolt of electricity hits your briar patch!
The bolt of electricity hits you!
* * * LOW HITPOINT WARNING * * *
The bolt of electricity hits your oklob sapling!
The electric eel shoots out a bolt of lightning at you!
The bolt of electricity hits the electric eel.
The electric eel completely resists.
The bolt of electricity hits your briar patch!
The bolt of electricity hits you.
* * * LOW HITPOINT WARNING * * *
The cane toad stings your oklob sapling!!
Your oklob sapling is destroyed!
Your oklob sapling disappears in a puff of smoke!
The electric eel shoots out a bolt of lightning at you!
The bolt of electricity hits the electric eel.
The electric eel completely resists.
The bolt of electricity hits your briar patch!
Your briar patch is destroyed!
Your briar patch disappears in a puff of smoke!
The bolt of electricity hits you!
You die...
Fedhas appreciates your contribution to the ecosystem.

. #.## ##....
....#.
...#..### #
........###.#.#
SS$..*PPPF.(P.#
......§@§#
....#.#PP# . ..
#### #.. #. ..
#


You could see a cane toad (ally target), 2 electric eels, a friendly
ballistomycete (summoned), a friendly oklob sapling (summoned) and a friendly
ballistomycete spore.

Vanquished Creatures
  A hydra (Lair:1)
  4 two-headed ogres
  Pikel (D:7)
  Maurice (D:8)
  A troll (D:9)
  A tarantella (shapeshifter) (D:9)
  3 wyverns (D:10)
  8 yaks (D:10)
  2 wraiths (D:9)
  2 steam dragons (D:8)
  2 wargs (D:10)
  2 water moccasins (D:10)
  3 orc warriors
  An ice beast (D:7)
  2 black bears
  An ogre (D:5)
  3 centaurs
  A phantom (D:5)
  4 lemures
  3 kobold brigands
  3 necrophages
  4 bullfrogs
  2 gnoll sergeants
  2 scorpions
  8 wights
  12 killer bees
  2 howler monkeys (D:9)
  3 hounds
  Crazy Yiuf (D:4)
  A gnoll bouda (D:8)
  9 orc priests
  2 jellies
  Jessica (D:3)
  5 iguanas
  12 orc wizards
  16 gnolls
  3 adders
  A white imp (D:6)
  2 ufetubi
  2 dart slugs
  41 orcs
  10 bats
  8 endoplasms
  6 giant cockroaches
  11 goblins
  5 hobgoblins
  7 jackals
  33 kobolds
  4 quokkas
  5 ball pythons
  A frilled lizard (D:1)
  7 rats
275 creatures vanquished.

Vanquished Creatures (collateral kills)
  2 wargs (D:10)
  2 kobolds (D:8)
  9 ballistomycete spores
13 creatures vanquished.

Vanquished Creatures (others)
  An orc wizard (D:7)
  A bush (D:10)
  4 fungi (D:10)
  31 plants
37 creatures vanquished.

Grand Total: 325 creatures vanquished

Notes
Turn   | Place    | Note
-------+----------+-------------------------------------------
     0 | D:1      | wingedge the Demonspawn Earth Elementalist began the quest
                  | for the Orb.
     0 | D:1      | Reached XP level 1. HP: 13/13 MP: 3/3
   259 | D:1      | Gained mutation: You have a pair of small antennae on your
                  | head. [demonic ancestry]
   259 | D:1      | Reached XP level 2. HP: 19/19 MP: 1/5
   943 | D:1      | Gained mutation: You have a somewhat thin skeletal
                  | structure. (Dex +2, Stealth+) [demonic ancestry]
   943 | D:1      | Reached XP level 3. HP: 24/24 MP: 0/6
  1330 | D:1      | Found a faded altar of an unknown god.
  1856 | D:2      | Learned a level 3 spell: Stone Arrow
  2130 | D:2      | Reached XP level 4. HP: 30/30 MP: 4/7
  2400 | D:3      | Found a blossoming altar of Fedhas.
  2437 | D:3      | Reached skill level 1 in Conjurations
  2458 | D:3      | Became a worshipper of Fedhas Madash
  2542 | D:3      | Identified the +1 scale mail of the Iron Devil {rN+ Int+4}
  2726 | D:3      | Noticed Jessica
  2730 | D:3      | Killed Jessica
  2731 | D:3      | Reached skill level 1 in Invocations
  2923 | D:3      | Identified the +4 spear of the Evil Eye {holy, *Corrode
                  | Dex+8}
  3241 | D:4      | Gained mutation: You are partially covered in sharp spines.
                  | [demonic ancestry]
  3241 | D:4      | Reached XP level 5. HP: 35/35 MP: 7/9
  3781 | D:4      | Found a runed translucent door.
  3782 | D:4      | Noticed Crazy Yiuf
  3791 | D:4      | Killed Crazy Yiuf
  3792 | D:4      | Reached skill level 1 in Fighting
  4316 | D:5      | Entered Level 5 of the Dungeon
  4328 | D:5      | Reached * piety under Fedhas
  4380 | D:5      | Reached skill level 1 in Armour
  4380 | D:5      | Gained mutation: You have a moderately thin skeletal
                  | structure. (Dex +4, Stealth++) [demonic ancestry]
  4380 | D:5      | Reached XP level 6. HP: 43/43 MP: 5/10
  5239 | D:5      | Reached XP level 7. HP: 49/49 MP: 5/12
  5304 | D:5      | Found a shimmering altar of Xom.
  5983 | D:5      | Found an opulent altar of Gozag.
  5984 | D:5      | Found a burning altar of Makhleb.
  5984 | D:5      | Found a hide-covered altar of Uskayaw.
  5985 | D:5      | Found a basalt altar of Yredelemnul.
  6261 | D:6      | Reached skill level 5 in Earth Magic
  6584 | D:6      | Found a broken altar of Ashenzari.
  6787 | D:6      | Reached XP level 8. HP: 57/57 MP: 7/14
  7337 | D:7      | Noticed Pikel
  7471 | D:7      | Reached ** piety under Fedhas
  7771 | D:7      | Reached skill level 5 in Spellcasting
  7808 | D:7      | Reached skill level 5 in Invocations
  7942 | D:7      | Reached skill level 5 in Conjurations
  8714 | D:7      | Found a staircase to the Ecumenical Temple.
  8729 | D:7      | Reached XP level 9. HP: 63/63 MP: 9/16
  8832 | D:7      | Noticed cdecastro's ghost (novice TeAE)
  8841 | D:7      | Found a transporter.
  8845 | D:7      | Found a transporter.
  8930 | D:7      | Killed Pikel
  8931 | D:7      | Reached skill level 1 in Short Blades
  9097 | D:7      | Reached *** piety under Fedhas
  9772 | D:8      | Noticed a two-headed ogre
  9801 | D:8      | Got the Anthology of Evolution and Unhallowed Arts
  9893 | D:8      | Noticed Maurice
  9925 | D:8      | Killed Maurice
  9926 | D:8      | Reached skill level 5 in Dodging
 10119 | D:8      | Reached skill level 1 in Air Magic
 10124 | D:8      | Reached **** piety under Fedhas
 10361 | D:8      | Reached skill level 1 in Ice Magic
 10457 | D:8      | Killed a two-headed ogre
 10458 | D:8      | Reached XP level 10. HP: 73/73 MP: 3/17
 10868 | D:9      | Reached skill level 5 in Fighting
 11112 | D:9      | Noticed a two-headed ogre
 11117 | D:9      | Killed a two-headed ogre
 11895 | D:9      | Reached skill level 5 in Stealth
 12318 | D:10     | Entered Level 10 of the Dungeon
 12324 | D:10     | Noticed a two-headed ogre
 12328 | D:10     | Killed a two-headed ogre
 12687 | D:10     | Found a hazy altar of Hepliaklqana.
 12778 | D:10     | Reached XP level 11. HP: 81/81 MP: 3/19
 12792 | D:10     | Reached ***** piety under Fedhas
 13127 | D:10     | Found a staircase to the Orcish Mines.
 13707 | D:10     | Found a staircase to the Lair.
 13720 | D:10     | Noticed a two-headed ogre
 13727 | D:10     | Killed a two-headed ogre
 13728 | D:10     | Reached skill level 5 in Short Blades
 13758 | D:10     | Found a shadowy altar of Dithmenos.
 13931 | Lair:1   | Entered Level 1 of the Lair of Beasts
 13931 | Lair:1   | Noticed a seven-headed hydra
 13935 | Lair:1   | Killed a seven-headed hydra
 13937 | Lair:1   | HP: 1/83 [electric eel/bolt of electricity (6)]
 13938 | Lair:1   | Killed from afar by an electric eel

Illustrated notes

Levels and vault maps discovered:
D:1:      zelgadis_glass_arrival_small, layout_loops_cross,
          dreamdust_ecumenical_altar_hidden_monk_grotto, hex_tiny
D:2:      layout_loops_ring
D:3:      layout_rooms, mainiacjoe_overflow_paths, serial_park_tiny_2,
          hangedman_abyss_or_decor_lesser_grid, uniq_jessica
D:4:      layout_basic, tso_oasis_becter, uniq_crazy_yiuf_cottage
D:5:      layout_basic, lemuel_round_altar,
          chequers_temple_overflow_statue_of_worship, nicolae_underground_beach
D:6:      layout_basic, nicolae_overflow_crystal_walls, st_stairs_3
D:7:      layout_gridville, temple_statues, gammafunk_ghost_hive, uniq_pikel
D:8:      kennysheep_kobold_camp, layout_basic, chequers_serial_rivers_large_b,
          uniq_maurice
D:9:      layout_long_grid
D:10:     layout_cave_pools, kennysheep_little_box,
          nicolae_hepliaklqana_hippocampus, minmay_lair_entry_grove,
          minmay_orc_entry_guard_dogs
Lair:1:   layout_loops_ring, dpeg_stationary_puzzle

Skill      XL: |  1  2  3  4  5  6  7  8  9 10 11 |
---------------+----------------------------------+-----
Earth Magic    | 3 4 5 |  5.4
Stealth        | 2 4 5 |  5.0
Dodging        | 2 4 5 6 |  6.5
Conjurations   | 1 2 3 6 7 |  7.8
Spellcasting   | 3 4 5 |  5.9
Invocations    | 1 2 3 4 5 6 7 |  7.6
Fighting       | 1 2 3 4 5 6 |  6.4
Armour         | 1 2 |  2.0
Short Blades   | 3 4 5 |  5.0
Air Magic      | 1 2 |  2.9
Ice Magic      | 1 2 |  2.8
Transmutations | |  0.8

Action                   |  1- 3 |  4- 6 |  7- 9 | 10-12 || total
-------------------------+-------+-------+-------+-------++-------
Melee: Unarmed           |    23 |       |       |       ||    23
       Punch             |     1 |       |     1 |     3 ||     5
       Dagger            |       |    11 |       |       ||    11
       Halberd           |       |     4 |       |       ||     4
       Rapier            |       |       |   113 |    51 ||   164
       Short sword       |       |       |       |    21 ||    21
Throw: Throwing net      |       |     1 |       |       ||     1
       Dart              |       |       |     2 |       ||     2
       Javelin           |       |       |     4 |     1 ||     5
 Cast: Sandblast         |    69 |    51 |       |       ||   120
       Stone Arrow       |       |    17 |   142 |   103 ||   262
Invok: Wall of Briars    |       |       |     1 |     3 ||     4
       Grow Ballistomyce |       |       |     1 |     1 ||     2
       Overgrow          |       |       |       |     1 ||     1
Evoke: Wand              |       |     8 |       |       ||     8
  Use: Potion            |       |     1 |       |     1 ||     2
       Scroll            |       |       |     5 |     3 ||     8
 Stab: Sleeping          |       |       |       |     1 ||     1
Armor: Robe              |     9 |     4 |    28 |     7 ||    48
       Skin              |       |     1 |       |       ||     1
       Ring mail         |       |       |       |    17 ||    17
Dodge: Dodged            |    39 |    27 |    83 |    70 ||   219
